 Dungeon Crawl Stone Soup version 0.18.1-6-gd335043 (webtiles) character file.

14305 manyhoops the Cleaver (level 11, -3/90 HPs)
             Began as a Demonspawn Gladiator on May 15, 2016.
             Was an Elder of Qazlal.
             Killed by divine providence
             ... invoked by an orc priest
              (15 damage)
             ... on level 1 of the Orcish Mines.
             The game lasted 00:32:54 (14569 turns).

manyhoops the Cleaver (Demonspawn Gladiator)       Turns: 14569, Time: 00:32:55

Health: -3/90      AC: 24    Str: 22    XL:     11   Next: 87%
Magic:  17/17      EV:  8    Int: 14    God:    Qazlal [****..]
Gold:   237        SH:  5    Dex: 15    Spells: 0 memorised, 10 levels left

rFire  . . .     SeeInvis .     N - +1 battleaxe
rCold  . . .     Gourm    .     G - +0 plate armour
rNeg   + + +     Faith    .     (shield currently unavailable)
rPois  +         Spirit   .     e - +2 hat
rElec  .         Dismiss  .     T - +2 cloak {rPois}
rCorr  .         Reflect  .     S - +1 pair of gloves
SustAt .         Harm     .     u - +0 pair of boots
MR     .....                    (no amulet)
Stlth  ..........               z - ring of Duurchesch {Fragile rN++ Str+2 Int+3 Dex+2}
                                a - ring of positive energy

@: repel missiles, not resistant to hostile enchantments, extremely unstealthy
A: talons 2, molten scales 1, clever 1, demonic guardian 2
a: Upheaval, Elemental Force, Renounce Religion


You were on level 1 of the Orcish Mines.
You worshipped Qazlal.
Qazlal was greatly pleased with you.
You were hungry.

You visited 3 branches of the dungeon, and saw 15 of its levels.
You also visited: Sewer.

You collected 975 gold pieces.
You spent 738 gold pieces at shops.

Inventory:

Hand Weapons
 y - a +1 flail of protection
 N - a +1 battleaxe (weapon)
Missiles
 d - 3 throwing nets (quivered)
Armour
 e - a +2 hat (worn)
 u - a +0 pair of boots (worn)
 G - a +0 plate armour (worn)
 S - a +1 pair of gloves (worn)
 T - a +2 cloak of poison resistance (worn)
Jewellery
 a - a ring of positive energy (left hand)
 z - the ring of Duurchesch (right hand) {Fragile rN++ Str+2 Int+3 Dex+2}
   (You found it on level 5 of the Dungeon)

   [ring of strength]

   It affects your strength (+2).
   It affects your intelligence (+3).
   It affects your dexterity (+2).
   It greatly protects you from negative energy.
   It will be destroyed if unequipped.
Wands
 b - a wand of teleportation (2/9)
 F - a wand of lightning (7/15)
 I - a wand of iceblast (11/15)
Scrolls
 h - 4 scrolls of remove curse
 j - 6 scrolls of teleportation
 m - a scroll of fog {unknown}
 s - a scroll of torment {unknown}
 v - a scroll of holy word {unknown}
 x - a scroll of fear
 B - 2 scrolls of enchant armour
 C - 2 scrolls of blinking
 K - a scroll of magic mapping
 U - a scroll of random uselessness {unknown}
 W - a scroll of vulnerability {unknown}
 Z - a scroll of immolation {unknown}
Potions
 c - a potion of flight
 g - 2 potions of cancellation
 i - 2 potions of mutation {unknown}
 k - 4 potions of heal wounds
 l - 8 potions of curing
 n - a potion of resistance
 o - 4 potions of brilliance
 q - a potion of berserk rage
 t - a potion of ambrosia
 A - 3 potions of agility
 D - 3 potions of lignification
 E - a potion of magic {unknown}
 Q - a potion of haste
 R - a potion of cure mutation {unknown}
 X - a potion of invisibility {unknown}
Miscellaneous
 p - a box of beasts {used: 4}
Comestibles
 f - 9 bread rations
 J - 3 meat rations
 Y - a slice of pizza


   Skills:
 + Level 9.8 Fighting
 + Level 10.8 Axes
 - Level 1.7 Throwing
 + Level 9.6 Armour
 - Level 2.6 Dodging
 * Level 8.5 Invocations


You had 10 spell levels left.
You didn't know any spells.

Dungeon Overview and Level Annotations

Branches:
Dungeon (13/15)            Temple (1/1) D:7            Lair (0/8) D:11
    Orc (1/2) D:11
 Vaults: D:13-14

Altars:
Elyvilon
Fedhas
Gozag
Kikubaaqudgha
Makhleb
Okawaru
Pakellas
Qazlal
Sif Muna
Trog
Vehumet
Yredelemnul
Zin
The Shining One

Shops:
D:10 [*=!   D:11 [(   D:12 ?

Annotations:
D:4 Dowan


Innate Abilities, Weirdness & Mutations

You have razor-sharp toenails.
You are partially covered in molten scales (AC +1).
A demonic guardian rushes to your aid.
Your mind is acute. (Int +2)


Message History

The orc priest mumbles some strange prayers to Beogh against you.
Beogh smites you!
* * * LOW HITPOINT WARNING * * *
The orc knight roars a battlecry!
The orcs go into a battle-frenzy!
The orc knight moves out of view.
Things that are here:
a war axe; a chain mail The orc priest invokes the aid of Beogh against you.
Pain shoots through your body!
* * * LOW HITPOINT WARNING * * *
You block the orc warrior's attack.
Your smoke demon barely misses the orc warrior.
Your smoke demon closely misses the orc warrior.
Your smoke demon hits the orc warrior.
Your smoke demon barely misses the orc warrior. x3
The orc priest casts a cantrip, but nothing happens.
The orc priest calls down the wrath of Beogh upon you.
Beogh smites you!
You die...

.... ##)##.......
.....#.o.#.§.....
....#())#....... #
....'.o.oo...... #
...#.o)#)§..... #
#§o3#....... # #.o§########
# #...# # ##@## # ###
#######.#########
####.#####......§.§......##
.##...##..................#
.##.......)[.............#
.[..(...................##
....#.....[..............#
.#.###...................#
#### ##..................#


You could see 3 orc warriors, 3 orc priests and a friendly smoke demon.

Vanquished Creatures
  2 hill giants
  An orc knight (Orc:1)
  4 slime creatures (D:12)
  An ugly thing (D:12)
  Joseph (D:8)
  A centaur zombie (D:10)
  A two-headed ogre (D:11)
  A troll (Orc:1)
  A wyvern (D:8)
  10 yaks
  3 wraiths
  2 vampire mosquitoes (D:12)
  Eustachio (D:4)
  A hippogriff (D:10)
  2 hungry ghosts
  A warg (D:11)
  A mottled dragon (D:12)
  A water moccasin (D:9)
  Duvessa (D:4)
  13 orc warriors
  An ice beast (D:9)
  2 sky beasts
  4 ogres
  3 centaurs
  An eye of draining (D:10)
  2 phantoms
  A crocodile (Sewer)
  A big kobold (D:9)
  Blork the orc (D:4)
  4 giant frogs
  3 scorpions
  A wyvern skeleton (D:10)
  6 killer bees
  6 howler monkeys
  5 crimson imps
  3 giant frog zombies
  A quasit (D:10)
  6 hounds
  3 jellies
  5 orc priests
  5 orc wizards
  Crazy Yiuf (D:2)
  A centaur skeleton (D:11)
  6 iguanas
  6 worker ants
  2 hound skeletons
  Robin (D:2)
  10 adders
  5 shadow imps
  2 oozes
  2 adder skeletons
  2 worms
  A dart slug (D:2)
  6 giant geckos
  42 orcs
  8 giant cockroaches
  16 goblins
  9 hobgoblins
  4 jackals (D:2)
  12 kobolds
  5 quokkas
  5 ball pythons
  9 bats
  3 giant gecko skeletons
  4 giant newts
  6 rats
281 creatures vanquished.

Vanquished Creatures (collateral kills)
  An orc warlord (Orc:1)
  Josephine (D:10)
  A hill giant (D:11)
  An orc knight (Orc:1)
  A deep elf mage (D:12)
  A cyclops (D:12)
  Maurice (D:10)
  4 yaks
  A wraith (D:10)
  A hungry ghost (D:10)
  A warg (Orc:1)
  A sky beast (D:9)
  7 orc warriors
  A phantom (D:12)
  A scorpion (D:10)
  4 killer bees
  3 howler monkeys (D:10)
  A jelly (D:8)
  A wasp zombie (D:11)
  4 orc priests
  An iguana (D:9)
  2 sheep (D:11)
  7 orcs
  A quokka (D:10)
48 creatures vanquished.

Vanquished Creatures (others)
  A dart slug (D:2)
  An orc (D:11)
2 creatures vanquished.

Grand Total: 331 creatures vanquished

Notes
Turn   | Place    | Note
--------------------------------------------------------------
     0 | D:1      | manyhoops the Demonspawn Gladiator began the quest for the Orb.
     0 | D:1      | Reached XP level 1. HP: 16/16 MP: 1/1
   176 | D:1      | Reached skill level 3 in Axes
   264 | D:1      | Gained mutation: You have sharp toenails. [demonic ancestry]
   264 | D:1      | Reached XP level 2. HP: 21/22 MP: 2/2
   687 | D:2      | Reached XP level 3. HP: 23/28 MP: 3/3
   773 | D:2      | Noticed Robin
   794 | D:2      | Killed Robin
  1041 | D:2      | Found a white marble altar of Elyvilon.
  1059 | D:2      | Reached skill level 1 in Armour
  1088 | D:2      | Reached XP level 4. HP: 22/34 MP: 4/4
  1620 | D:2      | Noticed Crazy Yiuf
  1762 | D:3      | Reached skill level 4 in Axes
  1784 | D:3      | Found a glowing drain.
  1813 | Sewer    | Entered a sewer
  1845 | Sewer    | Noticed a crocodile
  1899 | Sewer    | Killed a crocodile
  1899 | Sewer    | Gained mutation: You are partially covered in molten scales (AC +1). [demonic ancestry]
  1899 | Sewer    | Reached XP level 5. HP: 16/41 MP: 5/5
  2171 | D:3      | Noticed a centaur
  2250 | D:3      | Found a faded altar to an unknown god.
  2571 | D:3      | HP: 2/41 [worm (7)]
  3244 | D:4      | Noticed Duvessa
  3244 | D:4      | Noticed Dowan
  3337 | D:2      | Killed Crazy Yiuf
  3337 | D:2      | Reached XP level 6. HP: 7/47 MP: 6/6
  4078 | D:4      | Noticed Blork the orc
  4098 | D:4      | Killed Blork the orc
  4098 | D:4      | Reached skill level 5 in Axes
  4405 | D:4      | Gained mutation: A weak demonic guardian rushes to your aid. [demonic ancestry]
  4405 | D:4      | Reached XP level 7. HP: 49/54 MP: 7/7
  4517 | D:4      | Killed Duvessa
  4637 | D:4      | Noticed Eustachio
  4664 | D:4      | Killed Eustachio
  4878 | D:5      | Entered Level 5 of the Dungeon
  5525 | D:5      | Got a scintillating tin ring
  5527 | D:5      | Identified the ring of Duurchesch {Fragile rN++ Str+2 Int+3 Dex+2} (You found it on level 5 of the Dungeon)
  5742 | D:5      | Found an iron altar of Okawaru.
  5850 | D:5      | Found a burning altar of Makhleb.
  5854 | D:5      | Found a glowing silver altar of Zin.
  5854 | D:5      | Noticed an angel
  5854 | D:5      | Noticed a cacodemon
  6024 | D:5      | Reached skill level 6 in Axes
  6250 | D:6      | Reached skill level 5 in Fighting
  6250 | D:6      | Gained mutation: You have razor-sharp toenails. [demonic ancestry]
  6250 | D:6      | Reached XP level 8. HP: 58/62 MP: 8/8
  6602 | D:6      | Reached skill level 5 in Armour
  6670 | D:6      | Found a stormy altar of Qazlal.
  6680 | D:6      | Became a worshipper of Qazlal Stormbringer
  6977 | D:7      | Noticed Joseph
  7091 | D:7      | Found a glowing golden altar of the Shining One.
  7100 | D:7      | Found a basalt altar of Yredelemnul.
  7194 | D:7      | Found an ancient bone altar of Kikubaaqudgha.
  7220 | D:7      | Found a staircase to the Ecumenical Temple.
  7508 | D:7      | Found an oddly glowing altar of Pakellas.
  7508 | D:7      | Found an iron altar of Okawaru.
  7560 | D:7      | Noticed an angel
  7920 | Temple   | Entered the Ecumenical Temple
  8022 | D:8      | Reached skill level 7 in Axes
  8382 | D:7      | Reached * piety under Qazlal
  8385 | D:7      | Gained mutation: A demonic guardian rushes to your aid. [demonic ancestry]
  8385 | D:7      | Reached XP level 9. HP: 42/69 MP: 9/9
  8543 | D:8      | Found a radiant altar of Vehumet.
  8543 | D:8      | Found an opulent altar of Gozag.
  8782 | D:8      | Found a deep blue altar of Sif Muna.
  8786 | D:8      | Found a blossoming altar of Fedhas.
  8847 | D:8      | Killed Joseph
  9596 | D:9      | Gained mutation: Your mind is acute. (Int +2) [potion of beneficial mutation]
 10251 | D:9      | Reached skill level 8 in Axes
 10456 | D:10     | Entered Level 10 of the Dungeon
 10507 | D:10     | Found Uxainayl's Armour Shop.
 10571 | D:10     | Bought a +1 pair of gloves for 172 gold pieces
 10643 | D:10     | Reached ** piety under Qazlal
 10643 | D:10     | Reached skill level 1 in Invocations
 10722 | D:10     | Noticed Maurice
 10729 | D:10     | Killed Maurice
 10800 | D:10     | Found Suvustem's Assorted Antiques.
 10920 | D:10     | Found Estrergh's Distillery.
 10923 | D:10     | Bought a potion of curing for 36 gold pieces
 10923 | D:10     | Bought a potion of lignification for 36 gold pieces
 10923 | D:10     | Bought 2 potions of curing for 72 gold pieces
 10923 | D:10     | Bought a potion of curing for 36 gold pieces
 10923 | D:10     | Bought a potion of curing for 36 gold pieces
 10926 | D:10     | Noticed Josephine
 10932 | D:10     | Killed Josephine
 10932 | D:10     | Reached XP level 10. HP: 71/79 MP: 10/12
 11086 | D:10     | Found Guecaur's Jewellery Emporium.
 11124 | D:10     | Noticed a hill giant
 11130 | D:10     | Killed a hill giant
 11132 | D:10     | Found a blossoming altar of Fedhas.
 11375 | D:10     | Reached skill level 9 in Axes
 11397 | D:10     | Reached *** piety under Qazlal
 11573 | D:10     | Reached skill level 5 in Invocations
 11759 | D:11     | Noticed a hill giant
 11776 | D:11     | Killed a hill giant
 11829 | D:11     | Found Jarevul's Armour Shoppe.
 11830 | D:11     | Found a staircase to the Orcish Mines.
 11923 | D:11     | Found a staircase to the Lair.
 12035 | D:11     | Found a bloodstained altar of Trog.
 12226 | Orc:1    | Entered Level 1 of the Orcish Mines
 12262 | Orc:1    | Noticed an orc knight
 12282 | Orc:1    | Killed an orc knight
 12282 | Orc:1    | Reached XP level 11. HP: 57/87 MP: 15/15
 12426 | D:11     | Noticed a hill giant
 12436 | D:11     | Killed a hill giant
 12445 | Orc:1    | Reached **** piety under Qazlal
 12819 | Orc:1    | Noticed an orc knight
 12823 | Orc:1    | Noticed an orc warlord
 12862 | Orc:1    | Killed an orc warlord
 12866 | Orc:1    | Killed an orc knight
 12866 | Orc:1    | Reached skill level 10 in Axes
 13050 | D:11     | Found Jiannus's Weapon Emporium.
 13365 | D:12     | Noticed a green ugly thing
 13375 | D:12     | Killed a green ugly thing
 13414 | D:12     | Found Jam Fuz's Magic Scroll Boutique.
 13469 | D:12     | Noticed a deep elf mage
 13480 | D:12     | Killed a deep elf mage
 13711 | D:12     | Bought a scroll of identify for 28 gold pieces
 13711 | D:12     | Bought a scroll of enchant armour for 105 gold pieces
 13711 | D:12     | Bought a scroll of teleportation for 42 gold pieces
 13711 | D:12     | Bought a scroll of teleportation for 42 gold pieces
 13711 | D:12     | Bought a scroll of blinking for 105 gold pieces
 13711 | D:12     | Bought a scroll of identify for 28 gold pieces
 14565 | Orc:1    | Noticed an orc knight
 14569 | Orc:1    | Killed from afar by an orc priest

Skill      XL: |  1  2  3  4  5  6  7  8  9 10 11 |
---------------+----------------------------------+-----
Axes           | 3 4 5 6 7 8 9 10 | 10.8
Armour         | 1 2 3 4 6 8 9 |  9.6
Fighting       | 3 4 5 6 7 8 9 |  9.8
Invocations    | 3 6 8 |  8.5
Throwing       | |  1.7
Dodging        | |  2.6

Action                   |  1- 3 |  4- 6 |  7- 9 | 10-12 || total
-------------------------+-------+-------+-------+-------++-------
Melee: War axe           |    87 |   226 |   367 |       ||   680
       Kick              |     8 |    61 |   115 |       ||   184
       Battleaxe         |       |       |    90 |   309 ||   399
Evoke: Box of beasts     |       |     1 |     1 |     2 ||     4
       Wand              |       |       |     1 |       ||     1
  Use: Scroll            |       |     6 |    13 |     2 ||    21
       Potion            |       |     1 |     2 |       ||     3
 Stab: Sleeping          |     1 |       |       |       ||     1
       Distracted        |       |       |       |     3 ||     3
  Eat: Chunk             |     1 |     7 |    10 |     8 ||    26
       Pizza             |       |     2 |     1 |     1 ||     4
       Bread ration      |       |       |     1 |       ||     1
       Meat ration       |       |       |     1 |     1 ||     2
       Beef jerky        |       |       |       |     3 ||     3
Armor: Leather armour    |    48 |    51 |       |       ||    99
       Scale mail        |       |    72 |   149 |       ||   221
       Plate armour      |       |       |   172 |   210 ||   382
Dodge: Dodged            |    85 |   143 |   283 |   120 ||   631
       Deflected         |       |       |       |     4 ||     4
Block: Other             |       |       |    23 |    85 ||   108
